 Dungeon Crawl Stone Soup version 0.24-a0-415-g6d73c25c48 (webtiles) character file.

Game seed: 8696267990855175921

207292 Peloso the Hoplite (level 18, -1/170 HPs)
             Began as a Minotaur Fighter on June 8, 2019.
             Was the Champion of Okawaru.
             Hit by a javelin thrown by a merfolk javelineer (12 damage)
             ... on level 4 of the Shoals.
             The game lasted 02:02:05 (42519 turns).

Peloso the Hoplite (Minotaur Fighter)              Turns: 42519, Time: 02:02:06

Health: -1/170     AC: 24    Str: 34    XL:     18   Next: 9%
Magic:  18/18      EV: 14    Int:  7    God:    Okawaru [******]
Gold:   789        SH: 18    Dex: 12    Spells: 17/17 levels left

rFire    + + +     SeeInvis .   a - +6 demon blade (flame)
rCold    + . .     Gourm    +   c - +1 shield {reflect}
rNeg     + . .     Faith    .   m - +7 plate armour of the Ecumenical Temple {*Drain rF++ MR+++}
rPois    +         Spirit   .   D - -2 hat of the Alchemist {rElec rPois rF+ rC+ rN+ MR+ rMut rCorr}
rElec    +         Reflect  +   v - scarf {cloud immunity}
rCorr    +         Harm     .   E - +1 pair of gloves {Str+3}
rMut     +                      (no boots)
MR       +++++                  T - amulet of the gourmand
Stlth    ..........             p - ring "Juzeboij" {Fire rElec Int+2}
HPRegen  0.38/turn              M - ring "Kennais" {rPois rF+ rC+ Str+4}
MPRegen  0.16/turn

@: studying Conjurations, very slow
A: retaliatory headbutt, horns 2
}: 1/15 runes: barnacled
a: Heroism, Finesse, Renounce Religion


You were on level 4 of the Shoals.
You worshipped Okawaru.
Okawaru was exalted by your worship.
You were very full.

You visited 6 branches of the dungeon, and saw 31 of its levels.
You also visited: Bailey, Ice Cave and Volcano.

You collected 3347 gold pieces.
You spent 2558 gold pieces at shops.

Inventory:

Hand Weapons
 a - a +6 demon blade of flaming (weapon)
 b - the +7 falchion of Fragile Peace {antimagic, Int+2 Stlth+}
   (You found it on level 11 of the Dungeon)

   It reduces the magical energy of the wielder, and disrupts the spells and
   magical abilities of those hit.
   Natural abilities and divine invocations are not affected.
   It affects your intelligence (+2).
   It makes you more stealthy.
 P - a +0 double sword
Armour
 c - a +1 shield of reflection (worn)
 e - the +2 hat of the Worm {+Inv rPois Int-4 SInv}
   (Okawaru gifted it to you on level 15 of the Dungeon)

   It affects your intelligence (-4).
   It protects you from poison.
   It lets you see invisible.
   It lets you turn invisible.
 m - the +7 plate armour of the Ecumenical Temple (worn) {*Drain rF++ MR+++}
   (You found it on level 3 of the Lair of Beasts)

   It greatly protects you from fire.
   It affects your resistance to hostile enchantments.
   It causes draining when unequipped.
 v - a scarf of cloud immunity (worn)
 D - the -2 hat of the Alchemist (worn) {rElec rPois rF+ rC+ rN+ MR+ rMut rCorr}
   (Okawaru gifted it to you on level 3 of the Shoals)

   It protects you from fire.
   It protects you from cold.
   It insulates you from electricity.
   It protects you from poison.
   It protects you from negative energy.
   It affects your resistance to hostile enchantments.
   It provides partial protection from all sources of acid and corrosion.
   It protects you from mutation.
 E - a +1 pair of gloves of strength (worn)
 O - a +1 pair of gloves of dexterity
 W - a +0 cloak
Jewellery
 j - an uncursed ring of poison resistance
 p - the ring "Juzeboij" (left hand) {Fire rElec Int+2}
   (You found it on level 11 of the Dungeon)

   [ring of fire]

   It enhances your fire magic.
   It affects your intelligence (+2).
   It protects you from fire.
   It makes you vulnerable to cold.
   It insulates you from electricity.
 A - an uncursed ring of protection from cold
 F - an uncursed ring of flight
 G - an uncursed ring of protection from cold
 M - the ring "Kennais" (right hand) {rPois rF+ rC+ Str+4}
   (You bought it in a shop on level 11 of the Dungeon)

   [ring of protection from fire]

   It affects your strength (+4).
   It protects you from fire.
   It protects you from cold.
   It protects you from poison.
 T - an amulet of the gourmand (around neck)
 X - an uncursed ring of protection from fire
Wands
 h - a wand of flame (20)
 r - a wand of polymorph (7)
 J - a wand of digging (2)
Scrolls
 k - 7 scrolls of teleportation
 l - 4 scrolls of fear
 n - 9 scrolls of fog
 o - 7 scrolls of remove curse
 q - 5 scrolls of identify
 x - 3 scrolls of blinking
 y - 5 scrolls of magic mapping
 B - a scroll of enchant weapon
 I - a scroll of noise
 L - a scroll of summoning
 Q - a scroll of acquirement
 R - a scroll of amnesia
Potions
 d - 3 potions of might
 g - 7 potions of curing
 i - 4 potions of flight
 s - 2 potions of resistance
 t - 5 potions of agility
 u - 6 potions of haste
 z - 2 potions of invisibility
 C - 3 potions of mutation
 K - 8 potions of berserk rage
 S - a potion of ambrosia
Books
 w - a manual of Conjurations
Miscellaneous
 N - a phantom mirror
Comestibles
 f - 40 rations


   Skills:
 + Level 17.4 Fighting
 + Level 18.0 Long Blades
 + Level 15.3 Armour
 + Level 10.1 Dodging
 + Level 5.0 Stealth
 + Level 21.0 Shields
 + Level 2.0 Invocations
 + Level 2.5 Evocations


You had 17 spell levels left.
You didn't know any spells.
Your spell library contained the following spells:

 Spells                   Type           Power        Failure   Level  Hunger
 Confusing Touch          Hex            #.....       90%         1    ##.....
 Summon Small Mammal      Summ           #...         90%         1    ##.....
 Call Imp                 Summ           #.......     97%         2    ###....
 Call Canine Familiar     Summ           #.......     99%         3    ####...
 Confuse                  Hex            #.......     99%         3    ####...
 Gell's Gravitas          Tloc           #.........   99%         3    ####...
 Summon Guardian Golem    Hex/Summ       #.......     99%         3    ####...
 Ice Form                 Ice/Tmut       #.......     100%        4    #####..
 Petrify                  Tmut/Erth      #.......     100%        4    #####..
 Summon Ice Beast         Ice/Summ       #.......     100%        4    #####..
 Summon Lightning Spire   Summ/Air       #.......     100%        4    #####..
 Metabolic Englaciation   Hex/Ice        #.........   100%        5    ######.
 Yara's Violent Unravell  Hex/Tmut       #.........   100%        5    ######.
 Bolt of Cold             Conj/Ice       #.........   100%        6    #######
 Freezing Cloud           Conj/Ice/Air   #.........   100%        6    #######
 Ozocubu's Refrigeration  Ice            #.........   100%        6    #######
 Simulacrum               Ice/Necr       #.........   100%        6    #######


Dungeon Overview and Level Annotations

Branches:
Dungeon (15/15)            Temple (1/1) D:6            Lair (6/6) D:10
 Shoals (4/4) Lair:2        Snake (3/4) Lair:4        Slime (0/5) Lair:5
    Orc (2/2) D:10            Elf (0/3) Orc:2        Vaults (0/5) D:14
 Depths (0/5) D:15

Altars:
Ashenzari
Cheibriados
Dithmenos
Elyvilon
Fedhas
Gozag
Hepliaklqana
Makhleb
Nemelex Xobeh
Okawaru
Qazlal
Ru
Sif Muna
Trog
Uskayaw
Vehumet
Wu Jian
Xom
Yredelemnul
Zin
The Shining One

Shops:
D:11 =   Orc:2 ?(!?   Shoals:4 %[   Snake:1 *[**(

Annotations:
D:12 1 runed translucent door
Shoals:1 1 runed translucent door, P0WERM0DE's ghost, journeyman DDFi
Shoals:4 Ilsuiw


Innate Abilities, Weirdness & Mutations

You reflexively headbutt those who attack you in melee.
You have a pair of horns on your head.


Message History

You reflect the boomerang off your +1 shield of reflection!
The boomerang hits the merfolk!
The weapon returns to the merfolk!
The merfolk javelineer throws a javelin.
The javelin pierces through you but does no damage.
You hear a splash.
The merfolk javelineer throws a javelin.
The javelin barely misses you.
You hear a splash.
The merfolk throws a boomerang.
The boomerang hits you.
* * * LOW HITPOINT WARNING * * *
The weapon returns to the merfolk!
The merfolk hits you from afar with a +0 trident.
* * * LOW HITPOINT WARNING * * *
The merfolk javelineer throws a javelin.
The javelin pierces through you but does no damage.
You hear a splash.
You see here 2 javelins.
The merfolk javelineer throws a javelin.
The javelin pierces through you!
You die...

≈≈≈≈≈≈.∩..
##PPP≈≈≈≈≈≈≈≈≈≈≈≈≈≈...[
##P≈≈≈...≈≈≈≈≈≈≈#m#≈....
≈≈≈≈≈.....≈≈≈≈≈#≈≈≈#m...
≈≈≈m≈.....≈≈≈≈#≈≈
≈≈≈≈≈.....≈≈≈.≈≈≈
≈≈≈≈≈≈≈≈..≈≈≈..#≈≈
≈≈≈≈≈≈≈≈^≈≈≈≈..≈#≈
≈≈≈≈≈≈≈≈@≈≈≈≈...m#
≈≈≈≈≈≈≈≈≈(≈≈≈.....
≈≈≈≈≈≈≈≈≈≈≈≈≈..§..
≈≈≈≈≈≈≈≈≈m≈(≈≈..≈≈
≈≈≈≈≈≈m≈≈≈≈≈≈≈≈≈≈≈
≈≈≈≈≈≈≈≈≈≈≈≈≈≈≈≈≈≈
≈≈≈≈≈≈≈≈≈≈≈≈≈≈≈≈≈≈
≈≈≈≈≈≈≈≈≈≈≈≈≈≈≈≈≈≈
≈≈≈≈≈≈≈≈≈≈≈≈≈≈≈≈≈≈


You could see a merfolk javelineer and 2 merfolk.

Vanquished Creatures
  Rupert (Snake:1)
  Asterion (Snake:3)
  Roxanne (D:15)
  Donald (Shoals:3)
  Kirke (Lair:5)
  Aizul (Snake:1)
  A frost giant (IceCv)
  An orc warlord (Orc:1)
  A stone giant (Orc:2)
  6 merfolk javelineers
  Snorg (D:11)
  Josephine (D:11)
  6 merfolk impalers
  The ghost of Rick the Cleaver, a journeyman MiBe of Trog (D:11)
  4 hydras
  A vault guard (D:14)
  3 naga warriors
  3 catoblepae
  2 anacondas
  3 merfolk avatars
  4 death yaks (Lair:6)
  A deep troll shaman (Lair:6)
  5 centaur warriors
  13 two-headed ogres
  3 satyrs
  7 merfolk aquamancers
  2 ogre magi (Orc:2)
  4 tengu warriors
  4 shock serpents
  5 naga sharpshooters
  Nergalle (Lair:3)
  2 salamander mystics (Snake:1)
  8 hell knights
  11 sea snakes
  2 unseen horrors
  A wizard (D:15)
  2 deep trolls
  A lindwurm (Lair:6)
  4 orc knights
  14 harpies
  3 naga ritualists
  5 orc sorcerers
  6 mana vipers
  2 necromancers
  24 fauns
  7 ugly things
  A wolf spider zombie (D:12)
  4 salamanders
  2 oklob plants (Lair:5)
  7 cyclopes
  15 manticores
  A deep elf mage (D:14)
  4 elephants (Lair:6)
  7 merfolk sirens
  29 black mambas
  An ice statue (IceCv)
  2 guardian serpents (Snake:2)
  2 molten gargoyles (Volcano)
  11 naga magi
  6 water nymphs
  Maurice (D:11)
  Psyche (D:8)
  A gargoyle (D:15)
  13 spiny frogs
  7 centaur skeletons
  6 rime drakes
  7 komodo dragons
  A kobold demonologist (D:15)
  An efreet (D:14)
  A tengu conjurer (Shoals:3)
  A yaktaur (Volcano)
  3 wind drakes
  13 trolls
  A harpy zombie (D:14)
  36 merfolk
  A hornet (D:13)
  22 polar bears
  8 blink frogs
  5 snapping turtles
  10 dream sheep
  11 hippogriffs
  A meliai zombie (D:12)
  7 water elementals
  6 wraiths
  A shadow (D:14)
  2 hogs (Lair:5)
  5 wyverns
  53 yaks
  7 vampire mosquitoes
  2 hungry ghosts
  2 fire bats (Volcano)
  Grum (D:7)
  7 basilisks
  Edmund (D:4)
  2 steam dragons
  23 nagas
  2 wargs
  A soldier ant (D:13)
  7 hell hounds (D:14)
  9 water moccasins
  9 porcupines
  7 sky beasts
  3 black bears
  17 orc warriors
  A black bear (shapeshifter) (D:14)
  A hornet zombie (D:8)
  13 ice beasts
  26 ogres
  5 phantoms
  5 boggarts (D:15)
  38 wolves
  20 centaurs
  11 crocodiles
  4 big kobolds
  Blork the orc (D:4)
  A wyvern zombie (D:12)
  18 bullfrogs
  A wyvern skeleton (D:15)
  A scorpion (D:9)
  6 killer bees
  19 wights
  4 electric eels
  4 howler monkeys
  5 crimson imps
  7 lava snakes (Volcano)
  4 centaur zombies
  11 hounds
  A quasit (D:11)
  8 jellies
  19 orc priests
  4 bullfrog skeletons
  An iguana (D:7)
  20 orc wizards
  4 worker ants
  2 bullfrog simulacra (D:11)
  2 centaur simulacra (D:11)
  A hound skeleton (D:10)
  5 worker ant zombies
  A howler monkey skeleton (D:4)
  13 adders
  17 gnolls
  2 shadow imps
  14 white imps
  8 oozes
  An adder zombie (D:5)
  5 worms
  2 dart slugs
  9 leopard geckos
  79 orcs
  3 ball pythons
  10 giant cockroaches
  9 hobgoblins
  9 jackals
  10 quokkas
  8 bats
  2 frilled lizards (D:1)
  14 goblins
  37 kobolds
  A leopard gecko skeleton (D:8)
  A quokka zombie (D:9)
  10 rats
  2 fungi
  9 plants
  A withered plant (Shoals:1)
1148 creatures vanquished.

Vanquished Creatures (others)
  A satyr (Shoals:4)
  3 fauns (Shoals:4)
  A centaur (Shoals:2)
  An orc wizard (Orc:2)
  4 fungi
  38 plants
48 creatures vanquished.

Grand Total: 1196 creatures vanquished

Notes
Turn   | Place    | Note
-------+----------+-------------------------------------------
     0 | D:1      | Peloso the Minotaur Fighter began the quest for the Orb.
     0 | D:1      | Reached XP level 1. HP: 19/19 MP: 0/0
    40 | D:1      | Reached XP level 2. HP: 23/27 MP: 1/1
   228 | D:1      | Reached skill level 4 in Shields
   313 | D:1      | Reached XP level 3. HP: 33/33 MP: 2/2
  1144 | D:2      | Reached XP level 4. HP: 39/40 MP: 3/3
  1854 | D:3      | Reached XP level 5. HP: 47/47 MP: 4/4
  2061 | D:3      | Reached skill level 5 in Shields
  2287 | D:3      | Reached skill level 1 in Dodging
  2668 | D:4      | Noticed Edmund
  2669 | D:4      | Noticed a phantom
  2685 | D:4      | Killed Edmund
  2685 | D:4      | Reached skill level 5 in Armour
  2685 | D:4      | Reached XP level 6. HP: 49/53 MP: 5/5
  2818 | D:4      | Reached skill level 5 in Long Blades
  2909 | D:4      | Found a white marble altar of Elyvilon.
  2960 | D:4      | Reached XP level 7. HP: 58/60 MP: 6/6
  2976 | D:4      | Noticed Blork the orc
  2990 | D:4      | Killed Blork the orc
  3102 | D:4      | Got a garnet-encrusted ring mail
  3113 | D:4      | Identified the +5 ring mail of the Dolphin {rF+ MR+ Int+3}
                  | (You found it on level 4 of the Dungeon)
  3338 | D:4      | Reached skill level 5 in Fighting
  3371 | D:5      | Entered Level 5 of the Dungeon
  3502 | D:5      | Reached skill level 6 in Shields
  3633 | D:5      | Reached XP level 8. HP: 64/69 MP: 7/7
  4700 | D:6      | Found a sacrificial altar of Ru.
  4729 | D:6      | Reached skill level 1 in Stealth
  4816 | D:6      | Found a staircase to the Ecumenical Temple.
  4907 | Temple   | Entered the Ecumenical Temple
  4924 | Temple   | Became a worshipper of Warmaster Okawaru
  5124 | D:7      | Noticed a brown ugly thing
  5137 | D:7      | Killed a brown ugly thing
  5137 | D:7      | Reached skill level 7 in Shields
  5137 | D:7      | Reached XP level 9. HP: 46/77 MP: 8/8
  5278 | D:7      | Noticed a two-headed ogre
  5285 | D:7      | Killed a two-headed ogre
  5285 | D:7      | Reached * piety under Okawaru
  5285 | D:7      | Reached ** piety under Okawaru
  5295 | D:7      | Reached skill level 1 in Evocations
  5631 | D:7      | Reached skill level 10 in Long Blades
  5927 | D:7      | Reached skill level 8 in Shields
  6439 | D:8      | Noticed Grum
  6471 | D:7      | Reached XP level 10. HP: 31/86 MP: 7/10
  6719 | D:7      | Killed Grum
  6719 | D:7      | Reached skill level 5 in Dodging
  6846 | D:8      | Reached *** piety under Okawaru
  6882 | D:8      | Got an ebony flail
  6883 | D:8      | Identified the +4 flail of Harmony {speed, +Inv rElec rC+}
                  | (You found it on level 8 of the Dungeon)
  6957 | D:8      | Found a basalt altar of Yredelemnul.
  7373 | D:8      | Noticed Psyche
  7382 | D:8      | Killed Psyche
  7737 | D:9      | Reached skill level 9 in Shields
  7796 | D:9      | Found an ornate altar of the Wu Jian Council.
  7798 | D:9      | Found a snail-covered altar of Cheibriados.
  7799 | D:9      | Found a stormy altar of Qazlal.
  7805 | D:9      | Reached **** piety under Okawaru
  7823 | D:9      | Found a blossoming altar of Fedhas.
  8060 | D:9      | Found a hide-covered altar of Uskayaw.
  8191 | D:9      | Found a shimmering altar of Xom.
  8507 | D:10     | Entered Level 10 of the Dungeon
  9051 | D:10     | Noticed a two-headed ogre
  9062 | D:10     | Killed a two-headed ogre
  9062 | D:10     | Reached ***** piety under Okawaru
  9062 | D:10     | Reached XP level 11. HP: 48/95 MP: 8/11
  9203 | D:10     | Reached skill level 10 in Shields
  9209 | D:10     | Found a staircase to the Orcish Mines.
  9227 | D:10     | Found a staircase to the Lair.
  9250 | D:10     | Killed an unseen horror
 10003 | D:11     | Reached skill level 11 in Shields
 10102 | D:11     | Found a bloodstained altar of Trog.
 10179 | D:11     | Received a gift from Okawaru
 10206 | D:11     | HP: 4/97 [cyclops (26)]
 10573 | D:11     | Found Gesyaw's Jewellery Emporium.
 10587 | D:11     | Bought the ring "Kennais" {rPois rF+ rC+ Str+4} for 619
                  | gold pieces
 10587 | D:11     | Bought a cursed amulet of inaccuracy for 24 gold pieces
 10601 | D:11     | Found a runed translucent gate.
 10601 | D:11     | Found a runed translucent gate.
 10601 | D:11     | Found a runed translucent gate.
 10714 | D:11     | Noticed Rick's ghost (journeyman MiBe)
 10779 | D:11     | Got a fine falchion
 10780 | D:11     | Identified the +7 falchion of Fragile Peace {antimagic,
                  | Int+2 Stlth+} (You found it on level 11 of the Dungeon)
 10801 | D:11     | Noticed Snorg
 10812 | D:11     | Killed Snorg
 11160 | D:11     | Reached ****** piety under Okawaru
 11275 | Lair:1   | Entered Level 1 of the Lair of Beasts
 11298 | Lair:1   | Reached XP level 12. HP: 95/106 MP: 4/12
 11348 | Lair:1   | Reached skill level 10 in Fighting
 12513 | Lair:2   | Noticed a five-headed hydra
 12604 | D:12     | Noticed an angel
 12623 | D:12     | Noticed a two-headed ogre
 12634 | D:12     | Killed a two-headed ogre
 12640 | D:12     | Noticed Josephine
 12921 | D:12     | Noticed Maurice
 12931 | D:11     | Killed Josephine
 12931 | D:11     | Reached skill level 12 in Shields
 13220 | D:11     | Killed Maurice
 13403 | D:12     | Found a glowing silver altar of Zin.
 13403 | D:12     | Found a runed translucent door.
 13850 | D:13     | Received a gift from Okawaru
 14143 | D:13     | Noticed a two-headed ogre
 14155 | D:13     | Killed a two-headed ogre
 14215 | D:13     | Received a gift from Okawaru
 14297 | D:13     | Noticed a centaur warrior
 14302 | D:13     | Killed a centaur warrior
 14375 | D:13     | Noticed a tengu warrior
 14380 | D:13     | Noticed a tengu warrior
 14382 | D:13     | Noticed a tengu warrior
 14389 | D:13     | Killed a tengu warrior
 14389 | D:13     | Reached skill level 13 in Shields
 14389 | D:13     | Reached XP level 13. HP: 105/116 MP: 4/13
 15414 | D:14     | Got a spiked chain mail
 15420 | D:14     | Identified the +7 chain mail of the Harvest {MR+ Str+4}
                  | (You found it on level 14 of the Dungeon)
 15486 | D:14     | Received a gift from Okawaru
 15664 | D:14     | Reached skill level 10 in Armour
 15933 | D:14     | Found a gate to the Vaults.
 16823 | D:14     | Reached skill level 1 in Invocations
 17153 | D:14     | Received a gift from Okawaru
 17632 | Lair:2   | Reached skill level 14 in Shields
 17731 | Lair:2   | Found a staircase to the Shoals.
 18134 | Lair:2   | Reached XP level 14. HP: 118/127 MP: 14/14
 18739 | Lair:3   | Reached skill level 15 in Long Blades
 18751 | Lair:3   | Got a shimmering plate armour
 18762 | Lair:3   | Identified the +7 plate armour of the Ecumenical Temple
                  | {*Drain rF++ MR+++} (You found it on level 3 of the Lair of
                  | Beasts)
 18884 | Lair:3   | Received a gift from Okawaru
 18889 | Lair:3   | Got a transparent hand crossbow {god gift}
 19040 | Lair:3   | Noticed Nergalle
 19055 | Lair:3   | Killed Nergalle
 19351 | Lair:4   | Found a frozen archway.
 19442 | IceCv    | Entered an ice cave
 19606 | IceCv    | Got a faintly glowing battleaxe
 19731 | IceCv    | Reached skill level 15 in Shields
 19876 | IceCv    | Noticed a frost giant
 19899 | IceCv    | Killed a frost giant
 20460 | Lair:4   | Found a staircase to the Snake Pit.
 20780 | Lair:5   | Found a staircase to the Slime Pits.
 20796 | Lair:5   | Received a gift from Okawaru
 21033 | Lair:5   | Noticed Kirke
 21051 | Lair:5   | Killed Kirke
 21144 | Lair:5   | Reached skill level 16 in Shields
 21810 | Lair:6   | Entered Level 6 of the Lair of Beasts
 21883 | Lair:6   | Reached XP level 15. HP: 54/138 MP: 6/15
 21955 | Lair:6   | Found a dark tunnel.
 22058 | Volcano  | Entered a volcano
 22564 | Volcano  | Found a bloodstained altar of Trog.
 23042 | Lair:6   | Received a gift from Okawaru
 23059 | Lair:6   | Got a translucent cloak {god gift}
 23200 | Lair:6   | Identified the +0 cloak of Okawaru's Scorn {MP+9 Dex+3}
                  | (Okawaru gifted it to you on level 6 of the Lair of Beasts)
 23781 | Lair:6   | Identified a scroll of acquirement
 23916 | Lair:1   | Identified the +3 hand crossbow of Arom Aru {penet, +Fly
                  | Int+4} (Okawaru gifted it to you on level 3 of the Lair of
                  | Beasts)
 23924 | Lair:1   | Identified the +12 battleaxe of the Hero {vamp, rF+ rN+ MR+
                  | Int+4} (You found it in an ice cave)
 24471 | Orc:1    | Entered Level 1 of the Orcish Mines
 24530 | Orc:1    | You fall into a shaft and drop 1 floor!
 24530 | Orc:2    | Entered Level 2 of the Orcish Mines
 24530 | Orc:2    | Found Juown's Magic Scroll Boutique.
 24530 | Orc:2    | Found Edot's Distillery.
 24530 | Orc:2    | Found Teemyor's Magic Scroll Emporium.
 24632 | Orc:1    | Reached skill level 17 in Shields
 24664 | Orc:1    | Found a flagged portal.
 24796 | Bailey   | Entered a bailey
 25192 | Orc:1    | Noticed an orc warlord
 25231 | Orc:1    | Killed an orc warlord
 25498 | Orc:1    | Found a shimmering altar of Xom.
 26323 | Orc:2    | Bought a scroll of identify for 32 gold pieces
 26328 | Orc:2    | Bought a potion of brilliance for 56 gold pieces
 26328 | Orc:2    | Bought a potion of resistance for 140 gold pieces
 26331 | Orc:2    | Found Looqofoi's Antique Weapon Shop.
 26334 | Orc:2    | Bought a scroll of magic mapping for 59 gold pieces
 26334 | Orc:2    | Bought a scroll of brand weapon for 340 gold pieces
 26334 | Orc:2    | Bought a scroll of identify for 34 gold pieces
 26346 | Orc:2    | Bought a scroll of identify for 34 gold pieces
 26356 | Orc:2    | Bought a scroll of acquirement for 832 gold pieces
 26356 | Orc:2    | Bought a scroll of silence for 120 gold pieces
 26415 | Orc:2    | Found a staircase to the Elven Halls.
 26433 | Orc:2    | Received a gift from Okawaru
 27158 | D:15     | Entered Level 15 of the Dungeon
 27208 | D:15     | Received a gift from Okawaru
 27213 | D:15     | Got a jewelled hat {god gift}
 27219 | D:15     | Identified the +2 hat of the Worm {+Inv rPois Int-4 SInv}
                  | (Okawaru gifted it to you on level 15 of the Dungeon)
 27251 | D:15     | Noticed Roxanne
 27459 | D:15     | Reached skill level 18 in Shields
 27472 | D:15     | Reached XP level 16. HP: 121/147 MP: 16/16
 27511 | D:15     | Found a staircase to the Depths.
 27513 | D:15     | Reached skill level 15 in Fighting
 27974 | D:15     | Killed Roxanne
 28885 | D:11     | Killed Rick's ghost
 28934 | D:11     | Got the ring "Juzeboij" {Fire}
 28940 | D:11     | Identified the ring "Juzeboij" {Fire rElec Int+2} (You
                  | found it on level 11 of the Dungeon)
 29399 | Shoals:1 | Entered Level 1 of the Shoals
 29528 | Snake:1  | Entered Level 1 of the Snake Pit
 29561 | Snake:1  | Found Ytexet's Antique Armour Boutique.
 29786 | Snake:1  | Found Xiorru's General Store.
 29799 | Snake:1  | Bought a scroll of identify for 30 gold pieces
 29852 | Snake:1  | Received a gift from Okawaru
 29853 | Snake:1  | Noticed Rupert
 29867 | Snake:1  | Killed Rupert
 30061 | Snake:1  | Found Wuen's General Store.
 30186 | Snake:1  | Found Muziec's Weapon Shop.
 30212 | Snake:1  | Noticed Aizul
 31046 | Snake:1  | Found Muhisaun's Assorted Antiques.
 31054 | Snake:1  | Bought a scroll of magic mapping for 98 gold pieces
 31054 | Snake:1  | Bought a bronze ring for 140 gold pieces
 31255 | Snake:2  | Found a glowing silver altar of Zin.
 31696 | Snake:1  | Killed Aizul
 32060 | Snake:2  | Reached skill level 19 in Shields
 32759 | Snake:2  | HP: 6/151 [naga mage/orb of energy (20)]
 33622 | Snake:3  | Received a gift from Okawaru
 34036 | Snake:3  | Noticed Asterion
 34060 | Snake:3  | Killed Asterion
 34722 | Shoals:1 | Identified the +2 robe of Dishonour {rF+++ rN++ Stlth-}
 34737 | Shoals:1 | Reached XP level 17. HP: 155/158 MP: 17/17
 34746 | Shoals:1 | Reached skill level 10 in Dodging
 35315 | Shoals:1 | Found a runed translucent door.
 35318 | Shoals:1 | Noticed P0WERM0DE's ghost (journeyman DDFi)
 36668 | Shoals:2 | Reached skill level 5 in Stealth
 36700 | Shoals:2 | Received a gift from Okawaru
 38010 | Shoals:3 | Noticed Donald
 38029 | Shoals:3 | Killed Donald
 38035 | Shoals:3 | Reached skill level 20 in Shields
 39437 | Shoals:3 | Received a gift from Okawaru
 39438 | Shoals:3 | Found the -2 hat of the Alchemist {rElec rPois rF+ rC+ rN+
                  | MR+ rMut rCorr}
 39751 | Shoals:4 | Entered Level 4 of the Shoals
 40269 | Shoals:4 | Reached skill level 15 in Armour
 40840 | Shoals:4 | Got a barnacled rune of Zot
 42326 | Shoals:4 | Reached XP level 18. HP: 129/170 MP: 18/18
 42438 | Shoals:4 | Found Ihuliw's Food Shop.
 42472 | Shoals:4 | Identified the +1 leather armour of the Republic {MR++}
 42475 | Shoals:4 | Noticed Ilsuiw
 42481 | Shoals:4 | Found Wekhypn's Antique Armour Shop.
 42490 | Shoals:4 | Reached skill level 21 in Shields
 42519 | Shoals:4 | Hit by a javelin thrown by a merfolk javelineer

Levels and vault maps discovered:
D:1:      matt_arrival_debris, layout_basic
D:2:      layout_basic, minmay_tromino_v7
D:3:      layout_basic, first_ration, gup_sewer_entry_spiral
D:4:      wad_pebble_path, layout_basic, nicolae_overflow_hidden_temple,
          grunt_decor_resistance, uniq_edmund, uniq_blork_the_orc
D:5:      layout_loops_cross, minmay_manual_mullet
D:6:      layout_rooms, nicolae_ru_sacrificial_ziggurat,
          minmay_temple_entry_hall
D:7:      layout_cave_pods, minmay_microvault
D:8:      layout_loops_ring, overflow_temple_1_default,
          hangedman_little_slice_of_home, uniq_psyche, uniq_grum
D:9:      layout_loops_cross, lemuel_crystal_altar,
          lemuel_coloured_pillars_altar, grunt_temple_overflow_open
D:10:     layout_big_octagon
D:11:     layout_basic, serial_shops, nicolae_shop_behind_doors,
          gammafunk_ghost_icy, bloody_trog, uniq_snorg
D:12:     layout_roguey, lemuel_angel_altar, uniq_maurice, uniq_josephine
D:13:     layout_long_grid, minmay_misc_feat_cross
D:14:     layout_loops_ring, david_vaults_5, hangedman_decor_riveting,
          kennysheep_doodads, minmay_rotating_lava
D:15:     grunt_enter_depths_magical_seal, layout_irregular_city, serial_glass,
          glass_columns_b, glass_columns_c, uniq_roxanne
Temple:   cyrus_circular_temple
Lair:1:   layout_layer_cave, beast_lair_carwin_11, grunt_megastairs_3,
          lemuel_fruit_fields
Lair:2:   layout_regular_city, elwin_shoals_entry_stream, serial_bayou_pond_c
Lair:3:   layout_regular_city, uniq_nergalle
Lair:4:   layout_gridlike, dummy_snake_entry, portal_ice_cave_entry_imps,
          disabler_island
Lair:5:   layout_regular_city, minmay_slime_entry_oklob_enclosed,
          lookout_lair_type, infiniplex_staircase_pool_2, serial_bayou_shore_b,
          grunt_megastairs_5, uniq_kirke
Lair:6:   grunt_lair_end_beastmaster, layout_misc_corridors, enter_volcano_1
Shoals:1: layout_shoals, ebering_ghost_inner_flame, argonaut_gorgonesque
Shoals:2: layout_shoals
Shoals:3: layout_shoals, kb_tengu_band, uniq_donald
Shoals:4: shoals_end_grunt_garden, layout_shoals, shoal_ilsuiw, serial_shops,
          nicolae_shop_crystal, shop, shop, shop,
          nicolae_shoals_stone_sculpture_thing
Snake:1:  layout_onion_interference, serial_shops, shop, shop,
          nicolae_shop_waterfront, shop,
          nicolae_shop_temple_entry_statues_fountains, uniq_aizul, uniq_rupert
Snake:2:  layout_cave_shapes, basic_altar
Snake:3:  layout_gridlike, drop_trap, uniq_asterion
Orc:1:    layout_caves, lightli_bailey_entry_fortress, basic_altar
Orc:2:    st_orc_open, layout_diamond_mine

Skill      XL: |  1  2  3  4  5  6  7  8  9 10 11 12 13 14 15 16 17 18 |
---------------+-------------------------------------------------------+-----
Fighting       | 4 5 6 7 8 9 11 12 14 16 17 | 17.4
Shields        | 4 5 6 7 8 9 11 13 14 16 18 19 20 21 | 21.0
Armour         | 4 5 6 7 8 9 11 12 13 14 15 | 15.3
Long Blades    | 3 4 5 6 8 10 11 13 14 15 16 17 18 | 18.0
Dodging        | 1 2 3 4 6 7 8 9 10 | 10.1
Stealth        | 1 2 3 4 5 |  5.0
Evocations     | 1 2 |  2.5
Invocations    | 1 2 |  2.0

Action                   |  1- 3 |  4- 6 |  7- 9 | 10-12 | 13-15 | 16-18 || total
-------------------------+-------+-------+-------+-------+-------+-------++-------
Melee: Long sword        |    71 |   208 |   308 |   485 |       |       ||  1072
       Headbutt          |    12 |    28 |    61 |   254 |   452 |   348 ||  1155
       Scimitar          |       |       |       |    77 |       |       ||    77
       Falchion          |       |       |       |   332 |   284 |       ||   616
       Demon blade       |       |       |       |       |  1164 |  1109 ||  2273
Invok: Heroism           |       |       |     1 |     4 |    12 |    10 ||    27
 Abil: Evoke Flight      |       |       |       |       |     6 |       ||     6
Evoke: Wand              |       |       |     6 |       |     2 |       ||     8
  Use: Scroll            |       |       |     8 |     6 |    17 |    14 ||    45
       Potion            |       |       |     1 |     1 |     4 |     5 ||    11
 Stab: Sleeping          |       |       |     4 |    13 |       |       ||    17
       Distracted        |       |       |       |       |     1 |       ||     1
       Petrified         |       |       |       |       |       |     2 ||     2
       Petrifying        |       |       |       |       |       |     1 ||     1
       Held in net/web   |       |       |       |       |       |     2 ||     2
  Eat: Chunk             |       |     7 |    11 |    29 |    50 |    47 ||   144
       Ration            |       |       |       |     3 |       |       ||     3
Armor: Scale mail        |    18 |       |       |       |       |       ||    18
       Chain mail        |    20 |   148 |     2 |       |    58 |       ||   228
       Ring mail         |       |       |   112 |   189 |    17 |       ||   318
       Plate armour      |       |       |       |       |   353 |   458 ||   811
Dodge: Dodged            |    31 |    64 |   118 |   423 |   525 |   429 ||  1590
Block: Shield            |    39 |   136 |   170 |   538 |  1051 |  1019 ||  2953
       Reflection        |       |       |       |       |       |   112 ||   112
       Rpst.: Long sword |     9 |    23 |    28 |    52 |       |       ||   112
       Scimitar          |       |       |       |     8 |       |       ||     8
       Falchion          |       |       |       |    27 |    17 |       ||    44
       Demon blade       |       |       |       |       |    85 |    68 ||   153

Table legend:
 A = Non-vault XP
 B = Vault XP
 C = Vault XP percentage of total XP
 D = Non-vault monster count
 E = Vault monster count
 F = Vault count percentage of total count
                 A         B        C        D         E       F
            +---------+---------+-------+---------+---------+-------
      Total |  194654 |  103578 |  34.7 |     838 |     303 |  26.6
            +---------+---------+-------+---------+---------+-------
        D:1 |      61 |       0 |   0.0 |      26 |       0 |   0.0
        D:2 |     101 |      19 |  15.8 |      19 |       2 |   9.5
        D:3 |      79 |      11 |  12.2 |      31 |       7 |  18.4
        D:4 |     299 |     274 |  47.8 |       9 |       2 |  18.2
        D:5 |     825 |      51 |   5.8 |      24 |       2 |   7.7
        D:6 |     753 |       0 |   0.0 |      11 |       0 |   0.0
        D:7 |    2371 |     872 |  26.9 |      38 |       3 |   7.3
        D:8 |     942 |     807 |  46.1 |      27 |      11 |  28.9
        D:9 |    2779 |       0 |   0.0 |      38 |       0 |   0.0
       D:10 |    2660 |       0 |   0.0 |      13 |       0 |   0.0
       D:11 |    7866 |    5455 |  41.0 |      63 |      19 |  23.2
       D:12 |    6296 |     205 |   3.2 |      35 |       1 |   2.8
       D:13 |    8083 |       0 |   0.0 |      33 |       0 |   0.0
       D:14 |    8851 |    8016 |  47.5 |      30 |      16 |  34.8
       D:15 |    9819 |    6215 |  38.8 |      31 |      10 |  24.4
     Lair:1 |    1161 |     518 |  30.9 |       5 |       3 |  37.5
     Lair:2 |    6639 |    1358 |  17.0 |      34 |       4 |  10.5
     Lair:3 |    4960 |     808 |  14.0 |      20 |       1 |   4.8
     Lair:4 |    2601 |     424 |  14.0 |      14 |      15 |  51.7
     Lair:5 |    7704 |    4630 |  37.5 |      27 |       8 |  22.9
     Lair:6 |    9498 |    8765 |  48.0 |      34 |      16 |  32.0
   Shoals:1 |   13439 |    3232 |  19.4 |      30 |       7 |  18.9
   Shoals:2 |    7652 |       0 |   0.0 |      16 |       0 |   0.0
   Shoals:3 |   27683 |    6405 |  18.8 |      53 |       7 |  11.7
   Shoals:4 |   11593 |   15739 |  57.6 |      24 |      21 |  46.7
    Snake:1 |   17241 |    4348 |  20.1 |      32 |       2 |   5.9
    Snake:2 |   19514 |       0 |   0.0 |      45 |       0 |   0.0
    Snake:3 |    4811 |    2539 |  34.5 |      12 |       1 |   7.7
      Orc:1 |    5403 |    1320 |  19.6 |      36 |      16 |  30.8
      Orc:2 |    2970 |   14098 |  82.6 |      28 |      33 |  54.1
     Bailey |       0 |    1618 | 100.0 |       0 |      32 | 100.0
      IceCv |       0 |   11904 | 100.0 |       0 |      47 | 100.0
    Volcano |       0 |    3947 | 100.0 |       0 |      17 | 100.0
            +---------+---------+-------+---------+---------+-------
